 Dungeon Crawl Stone Soup version 0.22-a0-430-g6609fc6 (webtiles) character file.

40 FastMan the Ducker (level 3, 0/19 HPs)
             Began as a Spriggan Berserker on May 27, 2018.
             Incinerated by the fiery rage of Trog (7 damage)
             ... on level 2 of the Dungeon.
             The game lasted 00:04:30 (1837 turns).

FastMan the Ducker (Spriggan Berserker)             Turns: 1837, Time: 00:04:30

Health: 0/19       AC:  2    Str: 12 (13) XL:     3   Next: 30%
Magic:  4/4        EV: 20    Int:  9      God:
Gold:   59         SH:  0    Dex: 15      Spells: 2/2 levels left

rFire    . . .     SeeInvis +   a - +0 short sword
rCold    . . .     Gourm    .   (shield restricted)
rNeg     . . .     Faith    .   b - +0 animal skin
rPois    .         Spirit   .   (helmet restricted)
rElec    .         Reflect  .   (no cloak)
rCorr    .         Harm     .   (gloves unavailable)
MR       .....                  (boots unavailable)
Stlth    +.........             (no amulet)
HPRegen  0.06/turn              (no ring)
MPRegen  0.09/turn              (no ring)

@: liquid flames, flying, glowing, very quick
A: very small, unfitting armour, see invisible, herbivore, speed 3, slow
metabolism 2
a: no special abilities


You were on level 2 of the Dungeon.
You were not hungry.

You visited 1 branch of the dungeon, and saw 3 of its levels.

You collected 59 gold pieces.

Inventory:

Hand Weapons
 a - a +0 short sword (weapon)
Missiles
 g - 9 poisoned needles
 h - 46 stones (quivered)
Armour
 b - a +0 animal skin (worn)
Scrolls
 d - a scroll of magic mapping {unknown}
 e - a scroll of remove curse {unknown}
 i - a scroll of teleportation {unknown}
 k - a scroll of identify {unknown}
 l - a scroll of fog {unknown}
Potions
 f - a potion of flight
 j - a potion of degeneration {unknown}
Comestibles
 c - 3 rations {@e1}


   Skills:
 - Level 2.5 Fighting
 * Level 4.1 Short Blades
 + Level 5.0 Dodging
 + Level 1.8 Stealth


You had 2 spell levels left.
You didn't know any spells.
Your spell library was empty.

Dungeon Overview and Level Annotations

Branches:
Dungeon (3/15)

Altars:

Annotations:
D:2 exclusions: downstairs and 2 upstairs


Innate Abilities, Weirdness & Mutations

You are very small and have problems with some larger weapons.
You are too small for most types of armour.
You have supernaturally acute eyesight. (SInv)
You are a herbivore.
You cover ground extremely quickly.
You need to consume almost no food.


Message History

There is a stone staircase leading down here.
Unknown command.
Press: ? - help, v - describe, . - travel The floor.
You feel yourself speed up.
You now have 59 gold pieces (gained 12).
A goblin is nearby!
The goblin misses you.
You hit the goblin.
You kill the goblin!
You see here a plate armour.
You feel Trog's fiery rage upon you!
You are covered in liquid flames!
You are covered in liquid flames!
You are covered in liquid flames!
It was a potion of flight.
You feel very buoyant.
You fly up into the air.
You are covered in liquid flames!
You die...

#.#.# #.# ###
#.#.# #.# #..
..#.# #.# #.#
###.# #.# #.# #.#
##.# #.# #.####...
#.# ##>..†.... #.#
##...###...
#@######.###.###.#
#...[....# #......
########.###.###.#
##...## #.# ##.##
#.# #.# #..
#.#####.#
#.......#
#........


There were no monsters in sight!

Vanquished Creatures
  2 adders (D:2)
  2 leopard geckos
  4 goblins
  5 hobgoblins
  3 bats (D:2)
  A frilled lizard (D:2)
  A kobold (D:1)
  4 rats
22 creatures vanquished.

Notes
Turn   | Place    | Note
-------+----------+-------------------------------------------
     0 | D:1      | FastMan the Spriggan Berserker began the quest for the Orb.
     0 | D:1      | Reached XP level 1. HP: 11/11 MP: 2/2
     0 | D:1      | Fell from the grace of Trog
    30 | D:1      | Noticed a black bear
    30 | D:1      | Noticed a polar bear
   994 | D:1      | Reached XP level 2. HP: 10/16 MP: 3/3
  1122 | D:2      | Reached skill level 1 in Stealth
  1392 | D:2      | Noticed a polar bear
  1392 | D:2      | Noticed a black bear
  1392 | D:2      | Noticed a black bear
  1649 | D:1      | Noticed a polar bear
  1649 | D:1      | Noticed a black bear
  1649 | D:1      | Noticed a polar bear
  1689 | D:2      | Reached skill level 5 in Dodging
  1689 | D:2      | Reached XP level 3. HP: 19/19 MP: 4/4
  1837 | D:2      | Incinerated by the fiery rage of Trog

Vault maps used:
D:1:      dpeg_arrival_arbitrary_b, minmay_misc_feat_pillars
D:2:      cheibrodos_helix_gallery
D:3:      first_ration, minmay_cut_off

Skill      XL: |  1  2 |
---------------+-------+-----
Stealth        | 1 |  1.8
Short Blades   | 4 |  4.1
Dodging        | 5 |  5.0
Fighting       | |  2.5

Action                   || total
-------------------------++-------
Melee: Short sword       ||   114
Throw: Tomahawk          ||     4
Invok: Renounce Religion ||     1
  Use: Scroll            ||     2
       Potion            ||     1
Armor: Animal skin       ||    11
Dodge: Dodged            ||   128

Table legend:
 A = Spawn XP
 B = Non-spawn XP
 C = Spawn XP percentage of total XP
 D = Spawn monster count
 E = Non-spawn monster count
 F = Spawn count percentage of total count
 G = Total turns spent on level
                    A         B        C        D         E        F      G
               +---------+---------+-------+---------+---------+-------+---------
         Total |       0 |      58 |   0.0 |       0 |      22 |   0.0 |  1837
               +---------+---------+-------+---------+---------+-------+---------
           D:1 |       0 |      16 |   0.0 |       0 |      10 |   0.0 |   529
           D:2 |       0 |      40 |   0.0 |       0 |      11 |   0.0 |  1055
           D:3 |       0 |       2 |   0.0 |       0 |       1 |   0.0 |   253
               +---------+---------+-------+---------+---------+-------+---------
